 Dungeon Crawl Stone Soup version 0.27-a0-1228-gfd60fd639a (webtiles) character file.

Game seed: 5951191840127471722

74641 robertstho the Thaumaturge (level 15, -4/100 (103) HPs)
             Began as a Gnoll Fire Elementalist on June 7, 2021.
             Was an Initiate of Gozag.
             Killed from afar by a deep elf death mage (10 damage)
             ... with a bolt of negative energy
             ... on level 1 of the Elven Halls.
             The game lasted 01:21:03 (32951 turns).

robertstho the Thaumaturge (GnFE)                  Turns: 32951, Time: 01:21:05

HP:   -4/100 (103)  AC: 11    Str: 12    XL:     15   Next: 47%
MP:   24/30         EV: 19    Int: 23    God:    Gozag
Gold: 2404          SH:  0    Dex: 18    Spells: 10/36 levels left

rFire    . . .     SeeInvis +   d - +1 lajatang of the Pariah {holy, Fly rElec Str+4 Int+2}
rCold    + + +     Faith    .   (shield currently unavailable)
rNeg     . . .     Spirit   .   Q - +4 skin of Zhor {*Englaciate rC+++ SInv}
rPois    .         Reflect  .   (helmet restricted)
rElec    +         Harm     .   y - scarf {+Inv}
rCorr    .         Rampage  .   m - +0 pair of gloves
Will     +....     Rnd*Rage +   (no boots)
Stlth    ++........             B - amulet of regeneration
HPRegen  1.26/turn              D - +4 ring of protection
MPRegen  0.22/turn              G - +6 ring of dexterity

@: unable to read, flying, contaminated, glowing, studying Crossbows, lightly
drained
A: fangs 1, strong nose, distributed training, horns 1, berserk 1, deformed
body, deterioration 1, frail 1, mutation resistance 1, screaming 2, inability to
read while threatened
a: Renounce Religion, Evoke Invisibility, Potion Petition, Call Merchant, Bribe
Branch


You were on level 1 of the Elven Halls.
You worshipped Gozag.
Gozag was most pleased with you.
You visited 4 branches of the dungeon, and saw 20 of its levels.
You also visited: Sewer.

You collected 6673 gold pieces.
You spent 2262 gold pieces at shops.
You paid 2007 gold pieces to Gozag.

Inventory:

Hand Weapons
 d - the +1 lajatang of the Pariah (weapon) {holy, Fly rElec Str+4 Int+2}
   (You bought it in a shop on level 2 of the Orcish Mines)

   It has been blessed by the Shining One to cause great damage to the undead
   and demons.
   It affects your strength (+4).
   It affects your intelligence (+2).
   It insulates you from electricity.
   It grants you flight.
 T - the +1 war axe of Haok {flame, rN+ rCorr SInv}
   (You bought it in a shop on level 7 of the Dungeon)

   It has been specially enchanted to burn those struck by it, causing extra
   injury to most foes and up to half again as much damage against particularly
   susceptible opponents.
   Big, fiery blades are also staple armaments of hydra-hunters.
   It protects you from negative energy.
   It lets you see invisible.
   It protects you from acid and corrosion.
Missiles
 c - 2 throwing nets
Armour
 l - the +0 leather armour of Lopovur {rPois Int+7 Dex-3}
   (You found it on level 7 of the Dungeon)

   It affects your intelligence (+7).
   It affects your dexterity (-3).
   It protects you from poison.
 m - a +0 pair of gloves (worn)
 r - a +0 helmet
 y - a scarf of invisibility (worn)
 Q - the +4 skin of Zhor (worn) {*Englaciate rC+++ SInv}
   (You found it on level 5 of the Lair of Beasts)

   It renders you almost immune to cold.
   It lets you see invisible.
 U - a +0 buckler
Magical Staves
 b - a staff of cold
Jewellery
 e - a ring of poison resistance
 w - a ring of flight
 B - an amulet of regeneration (around neck)
 C - a ring of willpower
 D - a +4 ring of protection (left hand)
 G - a +6 ring of dexterity (right hand)
 I - a ring of see invisible
 P - a ring of positive energy
 V - a ring of ice
Wands
 t - a wand of digging (10)
 E - a wand of charming (13)
 H - a wand of iceblast (10)
 X - a wand of mindburst (29)
 Y - a wand of paralysis (7)
Scrolls
 f - a scroll of brand weapon
 g - 2 scrolls of vulnerability {unknown}
 h - 2 scrolls of enchant weapon {unknown}
 o - 4 scrolls of noise {unknown}
 J - 2 scrolls of enchant armour
 M - 5 scrolls of magic mapping
 S - 6 scrolls of teleportation
 Z - 2 scrolls of fog
Potions
 a - a potion of might
 i - a potion of heal wounds
 k - 3 potions of attraction
 n - 3 potions of ambrosia {unknown}
 p - 5 potions of haste {unknown}
 q - 3 potions of mutation {unknown}
 s - 4 potions of invisibility {unknown}
 v - 2 potions of lignification
 z - 2 potions of brilliance
 A - 9 potions of curing
 L - a potion of cancellation
 O - 3 potions of magic
Miscellaneous
 F - a condenser vane


   Skills:
 + Level 10.1 Fighting
 + Level 10.1 Short Blades
 + Level 10.1 Long Blades
 + Level 10.1 Axes
 + Level 10.1 Maces & Flails
 + Level 10.1 Polearms
 + Level 10.1 Staves
 + Level 10.1 Slings
 + Level 10.1 Bows
 + Level 10.3 Crossbows
 + Level 10.1 Throwing
 + Level 10.1 Armour
 + Level 11.0 Dodging
 + Level 10.8 Stealth
 + Level 10.1 Shields
 + Level 10.1 Unarmed Combat
 + Level 11.1 Spellcasting
 + Level 8.8 Conjurations
 + Level 8.5 Hexes
 + Level 8.5 Summonings
 + Level 8.5 Necromancy
 + Level 8.5 Translocations
 + Level 8.5 Transmutations
 + Level 10.1 Fire Magic
 + Level 8.5 Ice Magic
 + Level 8.5 Air Magic
 + Level 8.5 Earth Magic
 + Level 8.5 Poison Magic
 + Level 10.9 Invocations
 + Level 10.1 Evocations


You had 10 spell levels left.
You knew the following spells:

 Your Spells              Type           Power      Damage    Failure   Level
a - Foxfire               Conj/Fire      100%       2x1d9     1%          1
b - Conjure Flame         Conj/Fire      54%        6-21      1%          3
c - Sticky Flame          Conj/Fire      54%        2d7       1%          4
d - Fireball              Conj/Fire      27%        3d12      2%          5
e - Searing Ray           Conj           100%       3d7       1%          2
f - Fulminant Prism       Conj/Hex       25%        3d14      1%          4
g - Sublimation of Blood  Necr           25%        N/A       1%          2
h - Irradiate             Conj/Tmut      25%        3d22      4%          5

Your spell library contained the following spells:

 Spells                   Type           Power      Damage    Failure   Level
 Animate Skeleton         Necr           100%       N/A       1%          1
 Apportation              Tloc           100%       N/A       1%          1
 Beastly Appendage        Tmut           100%       N/A       1%          1
 Magic Dart               Conj           100%       1d8       1%          1
 Pain                     Necr           100%       1d9       1%          1
 Blink                    Tloc           N/A        N/A       1%          2
 Corpse Rot               Necr/Air       N/A        N/A       1%          2
 Wereblood                Tmut           51%        N/A       1%          2
 Dazzling Flash           Conj/Hex       100%       N/A       1%          3
 Gell's Gravitas          Tloc           25%        N/A       1%          3
 Ignite Poison            Fire/Tmut/Pois 53%        N/A       1%          3
 Inner Flame              Hex/Fire       54%        N/A       1%          3
 Lesser Beckoning         Tloc           25%        N/A       1%          3
 Spider Form              Tmut/Pois      25%        N/A       1%          3
 Stone Arrow              Conj/Erth      100%       3d13      1%          3
 Summon Guardian Golem    Hex/Summ       51%        N/A       1%          3
 Teleport Other           Tloc           51%        N/A       1%          3
 Tukima's Dance           Hex            51%        N/A       1%          3
 Vampiric Draining        Necr           25%        2d9       1%          3
 Animate Dead             Necr           25%        N/A       1%          4
 Ice Form                 Ice/Tmut       51%        N/A       1%          4
 Iskenderun's Mystic Bla  Conj/Tloc      51%        2d11      1%          4
 Petrify                  Tmut/Erth      51%        N/A       1%          4
 Bolt of Magma            Conj/Fire/Erth 26%        4d12      3%          5
 Iskenderun's Battlesphe  Conj           52%        2d10      3%          5
 Agony                    Necr           51%        N/A       4%          5
 Alistair's Intoxication  Tmut/Pois      34%        N/A       4%          5
 Borgnjor's Vile Clutch   Necr/Erth      25%        N/A       4%          5
 Hydra Form               Tmut           25%        N/A       4%          5
 Manifold Assault         Tloc           51%        N/A       4%          5
 Summon Forest            Summ/Tloc      25%        N/A       4%          5
 Yara's Violent Unravell  Hex/Tmut       25%        3d11      4%          5
 Iron Shot                Conj/Erth      25%        9d5       22%         6
 Death Channel            Necr           25%        N/A       24%         6
 Eringya's Noxious Bog    Tmut/Pois      25%        N/A       24%         6
 Simulacrum               Ice/Necr       25%        N/A       24%         6
 Orb of Destruction       Conj           26%        9d10      75%         7
 Spellforged Servitor     Conj/Summ      25%        N/A       77%         7
 Summon Hydra             Summ           25%        N/A       78%         7


Dungeon Overview and Level Annotations

Branches:
Dungeon (11/15)            Temple (0/1) D:5            Lair (6/6) D:9
 Shoals (0/4) Lair:4       Spider (0/4) Lair:2        Slime (0/5) Lair:6
    Orc (2/2) D:10            Elf (1/3) Orc:2         Sewer (visited)

Altars:
Elyvilon
Gozag
Hepliaklqana
Okawaru
Qazlal
Ru
Trog
Uskayaw
The Shining One
Jiyva

Shops:
D:3 (   D:4 :   D:7 (=:   Orc:2 [((*[

Portals:
Trove: D:10 (give 4 scrolls of blinking)

Annotations:
D:3 299 sword
D:7 Good weapon shop Book Sho
Lair:6 1 runed translucent door


Innate Abilities, Weirdness & Mutations

You have very sharp teeth.
Your uncanny sense of smell can sniff out nearby items.
Your experience applies equally to all skills.
You have a pair of small horns on your head.
You tend to lose your temper in combat.
Armour fits poorly on your strangely shaped body.
Your body sometimes deteriorates upon taking damage.
You are frail. (-10% HP)
You are somewhat resistant to further mutation.
You frequently scream uncontrollably at your foes.
You sometimes lose the ability to read scrolls when taking damage.


Message History

Confirm with . or Enter, or press ? or * to list all spells.
You erupt in a fountain of uncontrolled magic!
The deep elf death mage is blasted with magical radiation!!!
The deep elf death mage is heavily wounded.
The deep elf death mage twists and deforms.
You are contaminated with residual magic.
The deep elf death mage is no longer moving slowly.
The deep elf zephyrmancer gestures wildly while chanting.
The deep elf zephyrmancer blinks!
Unknown command.
Casting: Irradiate (dangerous; 4% risk of failure)
Confirm with . or Enter, or press ? or * to list all spells.
You draw magical energy from your own body!
The deep elf death mage completely misses you.
You feel much better.
The deep elf death mage closely misses you.
You feel much better.
The deep elf death mage hits you with a +0 short sword.
Unknown command.
Casting: Sublimation of Blood (safe; 1% risk of failure)
Confirm with . or Enter, or press ? or * to list all spells.
You draw magical energy from your own body!
The deep elf death mage hits you with a +0 short sword.
The deep elf zephyrmancer mumbles some strange words.
The deep elf zephyrmancer blinks!
You hear a shout!
Casting: Sublimation of Blood (safe; 1% risk of failure)
Confirm with . or Enter, or press ? or * to list all spells.
You miscast Irradiate.
You feel a strange surge of energy!
You feel threatened and lose the ability to read scrolls!
The deep elf death mage closely misses you.
The deep elf zephyrmancer gestures wildly while chanting.
The deep elf zephyrmancer blinks!
Casting: Irradiate (dangerous; 4% risk of failure)
Confirm with . or Enter, or press ? or * to list all spells.
You draw magical energy from your own body!
The deep elf death mage gestures at you while chanting.
The bolt of negative energy hits you!
You feel drained.
You die...
Your body crumbles into a pile of gold.

###### #....# #....#
#....# ###....######
##############)...........
.....e.ee@...[........####
#####..e########....###
##...ยง.## #....#
#....e..## #....#
...........# #....#
###.........# ######
##....##e## ##.###... ##
...e


You could see 2 deep elf death magi and 2 deep elf zephyrmancers.

Vanquished Creatures
  An orc warlord (Orc:1)
  A deep elf elementalist (Elf:1)
  The ghost of pablusdiablus the Fighter, a journeyman FoFi of Gozag (Orc:2)
  Snorg (Lair:6)
  A deep elf death mage (Elf:1)
  4 hydras
  Harold (D:8)
  2 two-headed ogres
  A catoblepas (Lair:3)
  Erica (D:8)
  11 death yaks
  An orc high priest (Orc:2)
  3 deep elf archers (Elf:1)
  8 deep elf pyromancers (Elf:1)
  An orc knight (Orc:1)
  2 deep elf zephyrmancers (Elf:1)
  3 oklob plants (Lair:3)
  7 orc sorcerers
  4 elephants (Lair:4)
  Maurice (D:8)
  3 black mambas (Lair:6)
  Maggie (Lair:1)
  5 torpor snails
  13 cane toads
  10 rime drakes
  5 komodo dragons
  A jumping spider (Lair:2)
  5 polar bears (Lair:6)
  4 trolls
  8 hornets
  17 blink frogs
  10 dream sheep
  A shadow (D:7)
  14 spriggans (Lair:6)
  2 wraiths
  A vampire (D:10)
  4 wyverns
  2 basilisks
  36 yaks
  A steam dragon (D:7)
  Menkaure (D:7)
  6 wargs
  11 water moccasins
  A sky beast (D:7)
  8 black bears
  27 orc warriors
  3 ice beasts
  35 wolves
  4 boggarts (Lair:6)
  8 centaurs
  5 necrophages
  10 ogres
  2 phantoms
  6 kobold brigands
  14 bullfrogs
  2 wyvern zombies
  3 scorpions
  A gnoll sergeant (D:10)
  2 water moccasin zombies (D:5)
  A water moccasin skeleton (D:7)
  An electric eel (Lair:4)
  7 wights
  3 howler monkeys
  4 centaur zombies
  2 jellies (D:7)
  2 bullfrog zombies
  2 hounds (D:5)
  19 orc priests
  A gnoll shaman (D:7)
  2 bullfrog skeletons (D:7)
  3 iguanas
  47 orc wizards
  5 hell rats (Lair:3)
  2 killer bee zombies (D:8)
  A hound skeleton (D:4)
  A howler monkey zombie (D:9)
  3 howler monkey skeletons
  16 gnolls
  7 adders
  2 river rats
  A white imp (D:6)
  An ufetubus (D:7)
  2 adder skeletons (D:4)
  A worm (D:4)
  A dart slug (D:1)
  72 orcs
  3 bats
  7 endoplasms
  4 giant cockroaches
  4 hobgoblins
  9 jackals
  17 kobolds
  3 quokkas
  3 ball pythons
  7 frilled lizards
  14 goblins
  14 rats
  A bush (Lair:6)
642 creatures vanquished.

Vanquished Creatures (collateral kills)
  A cyclops (D:7)
  An ugly thing (D:7)
  A centaur (D:7)
  A howler monkey (D:7)
  A bullfrog skeleton (D:7)
  2 foxfires (D:9)
7 creatures vanquished.

Vanquished Creatures (others)
  1513 foxfires
  15 fulminant prisms (Lair:6)
  58 fungi
  49 plants
1635 creatures vanquished.

Grand Total: 2284 creatures vanquished

Notes
Turn   | Place    | Note
-------+----------+-------------------------------------------
     0 | D:1      | robertstho the Gnoll Fire Elementalist began the quest for
                  | the Orb.
     0 | D:1      | Reached XP level 1. HP: 13/13 MP: 6/6
   217 | D:1      | Reached XP level 2. HP: 17/19 MP: 0/7
   926 | D:1      | Reached skill level 5 in Spellcasting
   926 | D:1      | Reached XP level 3. HP: 25/25 MP: 3/9
  1596 | D:2      | Reached skill level 1 in Invocations
  1983 | D:2      | Reached skill level 1 in Fighting
  1983 | D:2      | Reached skill level 1 in Short Blades
  1983 | D:2      | Reached skill level 1 in Long Blades
  1983 | D:2      | Reached skill level 1 in Axes
  1983 | D:2      | Reached skill level 1 in Maces & Flails
  1983 | D:2      | Reached skill level 1 in Polearms
  1983 | D:2      | Reached skill level 1 in Staves
  1983 | D:2      | Reached skill level 1 in Slings
  1983 | D:2      | Reached skill level 1 in Bows
  1983 | D:2      | Reached skill level 1 in Crossbows
  1983 | D:2      | Reached skill level 1 in Throwing
  1983 | D:2      | Reached skill level 1 in Armour
  1983 | D:2      | Reached skill level 1 in Shields
  1983 | D:2      | Reached skill level 1 in Unarmed Combat
  1983 | D:2      | Reached skill level 1 in Evocations
  1989 | D:2      | Reached XP level 4. HP: 20/32 MP: 2/11
  2226 | D:3      | Found a faded altar of an unknown god.
  2415 | D:3      | Found Qacrul's Antique Weapon Emporium.
  2780 | D:3      | Found a sacrificial altar of Ru.
  2783 | D:3      | Found a stormy altar of Qazlal.
  2789 | D:3      | Found an iron altar of Okawaru.
  3171 | D:4      | Reached skill level 1 in Hexes
  3171 | D:4      | Reached skill level 1 in Summonings
  3171 | D:4      | Reached skill level 1 in Necromancy
  3171 | D:4      | Reached skill level 1 in Translocations
  3171 | D:4      | Reached skill level 1 in Transmutations
  3171 | D:4      | Reached skill level 1 in Ice Magic
  3171 | D:4      | Reached skill level 1 in Air Magic
  3171 | D:4      | Reached skill level 1 in Earth Magic
  3171 | D:4      | Reached skill level 1 in Poison Magic
  3258 | D:4      | Learned a level 3 spell: Conjure Flame
  3263 | D:4      | Learned a level 4 spell: Sticky Flame
  3364 | D:4      | Noticed an ogre
  3370 | D:4      | Killed an ogre
  3371 | D:4      | Reached XP level 5. HP: 37/37 MP: 5/12
  3745 | D:4      | Reached XP level 6. HP: 44/44 MP: 5/13
  3866 | D:4      | Found a hide-covered altar of Uskayaw.
  4154 | D:4      | Reached skill level 5 in Dodging
  4308 | D:4      | Found Muc Wey's Book Shoppe.
  4703 | D:5      | Entered Level 5 of the Dungeon
  4707 | D:5      | Found a white marble altar of Elyvilon.
  4840 | D:5      | Reached XP level 7. HP: 36/50 MP: 2/15
  5153 | D:5      | Reached skill level 5 in Stealth
  5448 | D:5      | Reached XP level 8. HP: 13/57 MP: 4/16
  6426 | D:5      | Found a staircase to the Ecumenical Temple.
  6546 | D:5      | Found an opulent altar of Gozag.
  6546 | D:5      | Found a hazy altar of Hepliaklqana.
  6671 | D:5      | Became a worshipper of Gozag Ym Sagoz the Greedy
  6894 | D:6      | Found a glowing drain.
  6898 | Sewer    | Entered a sewer
  7076 | Sewer    | Found a white marble altar of Elyvilon.
  7724 | D:6      | Reached XP level 9. HP: 57/65 MP: 12/18
  8184 | D:7      | Noticed Menkaure
  8187 | D:7      | Killed Menkaure
  8231 | D:7      | Found a bloodstained altar of Trog.
  8899 | D:7      | Noticed a six-headed hydra
  8998 | D:6      | Learned a level 5 spell: Fireball
  9001 | D:6      | Learned a level 2 spell: Searing Ray
  9006 | D:6      | Learned a level 4 spell: Fulminant Prism
  9007 | D:7      | Noticed a cyclops
  9104 | D:7      | Reached skill level 5 in Invocations
  9327 | D:7      | Reached XP level 10. HP: 73/73 MP: 13/20
  9590 | D:7      | Reached skill level 5 in Fighting
  9590 | D:7      | Reached skill level 5 in Short Blades
  9590 | D:7      | Reached skill level 5 in Long Blades
  9590 | D:7      | Reached skill level 5 in Axes
  9590 | D:7      | Reached skill level 5 in Maces & Flails
  9590 | D:7      | Reached skill level 5 in Polearms
  9590 | D:7      | Reached skill level 5 in Staves
  9590 | D:7      | Reached skill level 5 in Slings
  9590 | D:7      | Reached skill level 5 in Bows
  9590 | D:7      | Reached skill level 5 in Crossbows
  9590 | D:7      | Reached skill level 5 in Throwing
  9590 | D:7      | Reached skill level 5 in Armour
  9590 | D:7      | Reached skill level 5 in Shields
  9590 | D:7      | Reached skill level 5 in Unarmed Combat
  9590 | D:7      | Reached skill level 5 in Evocations
  9652 | D:7      | Noticed a green ugly thing
  9685 | D:7      | Killed a green ugly thing
  9692 | D:7      | Killed a cyclops
  9937 | D:7      | Identified the +0 leather armour of Lopovur {rPois Int+7
                  | Dex-3}
  9953 | D:7      | Found Hoareg's Weapon Shop.
 10224 | D:7      | Reached skill level 5 in Conjurations
 11203 | D:8      | Noticed Maurice
 11279 | D:8      | Killed Maurice
 11809 | D:8      | Reached XP level 11. HP: 17/81 MP: 5/22
 11961 | D:8      | Noticed Erica
 11970 | D:8      | Killed Erica
 11977 | D:8      | Reached skill level 5 in Hexes
 11977 | D:8      | Reached skill level 5 in Summonings
 11977 | D:8      | Reached skill level 5 in Necromancy
 11977 | D:8      | Reached skill level 5 in Translocations
 11977 | D:8      | Reached skill level 5 in Transmutations
 11977 | D:8      | Reached skill level 5 in Ice Magic
 11977 | D:8      | Reached skill level 5 in Air Magic
 11977 | D:8      | Reached skill level 5 in Earth Magic
 11977 | D:8      | Reached skill level 5 in Poison Magic
 12320 | D:8      | Noticed Harold
 12336 | D:8      | Killed Harold
 12786 | D:9      | Found a staircase to the Lair.
 13476 | D:9      | Identified the +0 short sword "Houkiemm" {flame, Int+2}
 13769 | D:10     | Entered Level 10 of the Dungeon
 13817 | D:10     | Found a portal to a secret trove of treasure.
 13860 | D:10     | Found a glowing golden altar of the Shining One.
 14811 | D:10     | Found a staircase to the Orcish Mines.
 15021 | D:10     | Noticed a two-headed ogre
 15038 | D:10     | Killed a two-headed ogre
 15463 | D:11     | Noticed a cyclops
 15626 | D:7      | Killed a six-headed hydra
 15775 | D:7      | Bought the +1 war axe of Haok {flame, rN+ rCorr SInv} for
                  | 516 gold pieces
 16161 | Lair:1   | Entered Level 1 of the Lair of Beasts
 16173 | Lair:1   | Reached XP level 12. HP: 75/89 MP: 3/24
 17202 | Lair:1   | Noticed Maggie
 17224 | Lair:1   | Killed Maggie
 17595 | Lair:2   | Identified a scroll of acquirement
 17596 | Lair:2   | Acquired a book of Alchemy
 17601 | Lair:2   | Learned a level 2 spell: Sublimation of Blood
 17607 | Lair:2   | Learned a level 5 spell: Irradiate
 18003 | Lair:2   | Found a hole to the Spider Nest.
 18795 | Lair:3   | Noticed a five-headed hydra
 18804 | Lair:3   | Killed a four-headed hydra
 19156 | Lair:3   | Noticed a catoblepas
 19168 | Lair:3   | Killed a catoblepas
 19420 | Lair:3   | Noticed a death yak
 19441 | Lair:3   | Killed a death yak
 19745 | Lair:3   | Noticed an eight-headed hydra
 19750 | Lair:3   | Killed an eight-headed hydra
 20207 | Lair:3   | Reached XP level 13. HP: 25/98 MP: 1/26
 20789 | Lair:3   | HP: 1/98 [torpor snail (18)]
 20909 | Lair:4   | Found a staircase to the Shoals.
 22968 | Lair:5   | Found the +4 skin of Zhor {*Englaciate rC+++ SInv}
 24389 | Lair:6   | Entered Level 6 of the Lair of Beasts
 24427 | Lair:6   | Noticed Snorg
 24438 | Lair:6   | Killed Snorg
 24838 | Lair:6   | Reached skill level 10 in Spellcasting
 25439 | Lair:6   | Reached XP level 14. HP: 62/106 MP: 13/28
 25555 | Lair:6   | Reached skill level 10 in Dodging
 25787 | Lair:6   | Gained mutation: You occasionally shout uncontrollably at
                  | your foes. [mutagenic glow]
 26206 | Lair:6   | Reached skill level 10 in Stealth
 26454 | Lair:6   | Reached skill level 10 in Invocations
 27333 | Lair:6   | HP: 5/108 [death yak (17)]
 28024 | Lair:6   | Gained mutation: You have a pair of small horns on your
                  | head. [mutagenic glow]
 28669 | Lair:6   | Found a runed translucent door.
 28669 | Lair:6   | Found a viscous altar of Jiyva.
 28671 | Lair:6   | Found a staircase to the Slime Pits.
 28672 | Lair:6   | Noticed an acid blob
 28672 | Lair:6   | Noticed an acid blob
 29005 | Orc:1    | Entered Level 1 of the Orcish Mines
 29009 | Orc:1    | Noticed an orc warlord
 29179 | D:7      | Bought a book of Power for 765 gold pieces
 29537 | D:10     | Gained mutation: Your body sometimes deteriorates upon
                  | taking damage. [mutagenic glow]
 29554 | D:10     | Gained mutation: You tend to lose your temper in combat.
                  | [mutagenic glow]
 29633 | Orc:1    | Killed an orc warlord
 29920 | Orc:2    | Entered Level 2 of the Orcish Mines
 29920 | Orc:2    | Found a staircase to the Elven Halls.
 30060 | Orc:2    | Noticed pablusdiablus's ghost (journeyman FoFi)
 30234 | Orc:2    | Gained mutation: Armour fits poorly on your strangely
                  | shaped body. [mutagenic glow]
 30242 | Orc:2    | Gained mutation: You frequently scream uncontrollably at
                  | your foes. [mutagenic glow]
 30407 | Orc:2    | Found Cehonuid's Antique Armour Shoppe.
 30509 | Orc:2    | Reached XP level 15. HP: 81/115 MP: 4/29
 30700 | Orc:2    | Paralysed by an orc sorcerer for 2 turns
 30912 | Orc:2    | Found Dyad's Assorted Antiques.
 30914 | Orc:2    | Found Huenuel's Weapon Shop.
 30921 | Orc:2    | Found Liov's Armour Shop.
 30923 | Orc:2    | Found Muamyhae's Weapon Boutique.
 30926 | Orc:2    | Bought a scroll of identify for 64 gold pieces
 30926 | Orc:2    | Bought a scroll of identify for 64 gold pieces
 30926 | Orc:2    | Bought a scroll of identify for 64 gold pieces
 30978 | Orc:2    | Bought the +1 lajatang of the Pariah {holy, Fly rElec Str+4
                  | Int+2} for 789 gold pieces
 31122 | Orc:2    | Found a transporter.
 31163 | Orc:2    | Found a transporter.
 31611 | Orc:2    | Killed pablusdiablus's ghost
 31632 | Orc:2    | Identified the Incunabulum of the Oath and Displacement
 31632 | Orc:2    | Gained mutation: You are frail. (-10% HP) [mutagenic glow]
 31641 | Orc:2    | Gained mutation: You are somewhat resistant to further
                  | mutation. [mutagenic glow]
 32089 | Orc:1    | Reached skill level 10 in Fire Magic
 32292 | Orc:1    | Reached skill level 10 in Crossbows
 32516 | Elf:1    | Entered Level 1 of the Elven Halls
 32708 | Elf:1    | Reached skill level 10 in Fighting
 32708 | Elf:1    | Reached skill level 10 in Short Blades
 32708 | Elf:1    | Reached skill level 10 in Long Blades
 32708 | Elf:1    | Reached skill level 10 in Axes
 32708 | Elf:1    | Reached skill level 10 in Maces & Flails
 32708 | Elf:1    | Reached skill level 10 in Polearms
 32708 | Elf:1    | Reached skill level 10 in Staves
 32708 | Elf:1    | Reached skill level 10 in Slings
 32708 | Elf:1    | Reached skill level 10 in Bows
 32708 | Elf:1    | Reached skill level 10 in Throwing
 32708 | Elf:1    | Reached skill level 10 in Armour
 32708 | Elf:1    | Reached skill level 10 in Shields
 32708 | Elf:1    | Reached skill level 10 in Unarmed Combat
 32708 | Elf:1    | Reached skill level 10 in Evocations
 32711 | Elf:1    | Noticed a deep elf elementalist
 32720 | Elf:1    | Killed a deep elf elementalist
 32935 | Elf:1    | Gained mutation: You sometimes lose the ability to read
                  | scrolls when taking damage. [mutagenic glow]
 32951 | Elf:1    | Killed from afar by a deep elf death mage

Illustrated notes

Levels and vault maps discovered:
D:1:      evilmike_arrival_crescent, layout_basic
D:2:      kennysheep_the_goblin_king, layout_rooms
D:3:      layout_basic, chequers_temple_overflow_statue_of_worship,
          serial_shops, shop, hellmonk_ecumenical_altar_heavens_door
D:4:      layout_basic, marbit_many_paths, serial_shops,
          nicolae_shop_behind_doors
D:5:      minmay_spotlight, layout_loops_ring, general_overflow_altar,
          gammafunk_temple_overflow_statue, temple_fountains
D:6:      layout_gridville, gup_sewer_entry_spiral
D:7:      minmay_the_grid_octo_tiled_octocenter
          [minmay_the_grid_octo_checkerflower, minmay_the_grid_octo_odd_swirl,
          minmay_the_grid_octo_thin_diamonds, minmay_the_grid_octo_checkered,
          minmay_the_grid_octo_prize_big_c,
          minmay_the_grid_square_5x5_trominoes,
          minmay_the_grid_square_5x5_fat_x, minmay_the_grid_square_5x5_comb,
          minmay_the_grid_square_5x5_v], layout_layer_cave, trog_butcher_becter,
          serial_shops, shop_fountains, minmay_tree_intersection, uniq_menkaure
D:8:      layout_gridville, uniq_erica, uniq_maurice, uniq_harold
D:9:      layout_basic, dpeg_oklobed_lair, chequers_serial_rivers_micro_e
D:10:     layout_loops_ring, nicolae_tso_swordbearing_angel, erik_orc_3,
          nicolae_trove_entry_isolated
D:11:     layout_cave_pools
Lair:1:   layout_roguey, uniq_maggie
Lair:2:   layout_cave_pods, spider_nest_entry_rubble
Lair:3:   dpeg_oklob_gauntlet, layout_concentric_octagons
Lair:4:   layout_regular_city, elwin_shoals_entry_rocks, beast_lair_carwin_1,
          lemuel_fruit_tree, serial_bayou_shore_a, grunt_megastairs_3,
          infiniplex_staircase_pool
Lair:5:   layout_small_grid, hellmonk_guarded_unrand_zhor
Lair:6:   minmay_lair_end_enchanted_forest, layout_regular_city, slime_altar_2,
          grunt_megastairs_2, uniq_snorg
Orc:1:    layout_caves
Orc:2:    st_orc_mages, layout_caves, serial_shops, shop_coins,
          gammafunk_ghost_arena, nicolae_orc_stony_grotto
Elf:1:    eino_elf_arrival_customs, layout_rooms, ebering_ghost_disaster_area,
          minmay_elf_crystal_heptagon, minivault_26, st_stairs_3, drop_trap

Skill      XL: |  1  2  3  4  5  6  7  8  9 10 11 12 13 14 15 |
---------------+----------------------------------------------+-----
Conjurations   | 2 3 4 5 6 7 8 |  8.8
Spellcasting   | 5 6 7 8 9 10 11 | 11.1
Invocations    | 1 2 3 4 5 6 7 8 9 10 | 10.9
Fighting       | 1 2 3 4 5 6 7 8 9 10 | 10.1
Short Blades   | 1 2 3 4 5 6 7 8 9 10 | 10.1
Long Blades    | 1 2 3 4 5 6 7 8 9 10 | 10.1
Axes           | 1 2 3 4 5 6 7 8 9 10 | 10.1
Maces & Flails | 1 2 3 4 5 6 7 8 9 10 | 10.1
Polearms       | 1 2 3 4 5 6 7 8 9 10 | 10.1
Staves         | 1 2 3 4 5 6 7 8 9 10 | 10.1
Slings         | 1 2 3 4 5 6 7 8 9 10 | 10.1
Bows           | 1 2 3 4 5 6 7 8 9 10 | 10.1
Crossbows      | 1 2 3 4 5 6 7 8 9 10 | 10.3
Throwing       | 1 2 3 4 5 6 7 8 9 10 | 10.1
Armour         | 1 2 3 4 5 6 7 8 9 10 | 10.1
Shields        | 1 2 3 4 5 6 7 8 9 10 | 10.1
Unarmed Combat | 1 2 3 4 5 6 7 8 9 10 | 10.1
Evocations     | 1 2 3 4 5 6 7 8 9 10 | 10.1
Hexes          | 1 2 3 4 5 6 7 8 |  8.5
Summonings     | 1 2 3 4 5 6 7 8 |  8.5
Necromancy     | 1 2 3 4 5 6 7 8 |  8.5
Translocations | 1 2 3 4 5 6 7 8 |  8.5
Transmutations | 1 2 3 4 5 6 7 8 |  8.5
Ice Magic      | 1 2 3 4 5 6 7 8 |  8.5
Air Magic      | 1 2 3 4 5 6 7 8 |  8.5
Earth Magic    | 1 2 3 4 5 6 7 8 |  8.5
Poison Magic   | 1 2 3 4 5 6 7 8 |  8.5
Dodging        | 5 6 7 8 9 10 11 | 11.0
Stealth        | 5 6 7 8 9 10 | 10.8
Fire Magic     | 6 7 8 9 10 | 10.1

Action                   |  1- 3 |  4- 6 |  7- 9 | 10-12 | 13-15 || total
-------------------------+-------+-------+-------+-------+-------++-------
Melee: Trident           |       |       |    86 |    77 |       ||   163
       Bite              |       |       |     3 |    19 |    13 ||    35
       Punch             |       |       |     1 |     2 |       ||     3
       War axe           |       |       |       |   226 |   173 ||   399
       Scimitar          |       |       |       |     1 |       ||     1
       Headbutt          |       |       |       |       |     9 ||     9
       Lajatang          |       |       |       |       |     7 ||     7
 Cast: Foxfire           |    92 |   139 |   239 |   403 |     3 ||   876
       Sticky Flame      |       |     1 |    22 |    75 |    63 ||   161
       Fireball          |       |       |     1 |    37 |   253 ||   291
       Searing Ray       |       |       |       |     4 |    14 ||    18
       Irradiate         |       |       |       |       |    77 ||    77
       Sublimation of Bl |       |       |       |       |   108 ||   108
       Conjure Flame     |       |       |       |       |     1 ||     1
       Fulminant Prism   |       |       |       |       |    15 ||    15
Invok: Potion Petition   |       |       |     1 |       |       ||     1
       Call Merchant     |       |       |       |     1 |     1 ||     2
 Abil: Evoke Invisibilit |       |       |       |       |     2 ||     2
  Use: Scroll            |       |     1 |     6 |    11 |    12 ||    30
       Potion            |       |     1 |     2 |     1 |     5 ||     9
 Stab: Sleeping          |       |       |     4 |     3 |       ||     7
       Distracted        |       |       |       |     1 |       ||     1
Armor: Robe              |     4 |     5 |    37 |     7 |       ||    53
       Leather armour    |       |       |       |    85 |    63 ||   148
       Animal skin       |       |       |       |       |    24 ||    24
Dodge: Dodged            |     4 |    15 |   118 |   266 |   278 ||   681
Block: Buckler           |       |       |       |    65 |   112 ||   177
       Rpst.: Scimitar   |       |       |       |     1 |       ||     1

Table legend: (Time is in decaauts)
 A = Elapsed time spent in this place.
 B = Non-inter-level travel time spent in this place.
 C = Inter-level travel time spent in this place.
 D = Time resting spent in this place.
 E = Time spent auto-exploring this place.
 F = Levels seen in this place.
 G = Mean time per level.
                   A        B        C        D        E       F      G
               +--------+--------+--------+--------+--------+-----+--------+
         Total |  33263 |  30955 |   2308 |   4184 |  21293 |  21 | 1584.0 |
       Dungeon |  16630 |  15290 |   1340 |   1335 |  11282 |  11 | 1511.8 |
          Lair |  13034 |  12224 |    810 |   2237 |   7961 |   6 | 2172.3 |
  Orcish Mines |   2985 |   2867 |    118 |    612 |   1642 |   2 | 1492.5 |
   Elven Halls |    363 |    325 |     38 |      0 |    219 |   1 |  363.0 |
         Sewer |    249 |    249 |      0 |      0 |    189 |   1 |  249.0 |
               +--------+--------+--------+--------+--------+-----+--------+

Top non-repeatable levels by time:
  Lair:5: 3675 daAuts
     D:7: 3055 daAuts
  Lair:6: 2859 daAuts
  Lair:3: 2337 daAuts
   Orc:2: 2277 daAuts
     D:5: 2003 daAuts
    D:10: 1891 daAuts
     D:4: 1611 daAuts
     D:6: 1608 daAuts
     D:8: 1595 daAuts
  Lair:4: 1556 daAuts
     D:1: 1454 daAuts
  Lair:1: 1450 daAuts
     D:9: 1409 daAuts
  Lair:2: 1155 daAuts
